 Dungeon Crawl Stone Soup version 0.24.0-1-gfbc8707122 (webtiles) character file.

Game seed: 961448417516319335, levelgen mode: deterministic

316 Alarkh the Ruffian (level 6, 47/47 HPs)
             Began as a Demonspawn Fighter on Oct 27, 2019.
             Got out of the dungeon alive.
             The game lasted 00:02:41 (1445 turns).

Alarkh the Ruffian (Demonspawn Fighter)             Turns: 1445, Time: 00:02:41

Health: 47/47      AC:  4    Str: 16    XL:     6   Next: 20%
Magic:  6/6        EV:  8    Int: 12    God:
Gold:   35         SH:  8    Dex: 12    Spells: 5/5 levels left

rFire    + . .     SeeInvis .     - Unarmed
rCold    . . .     Gourm    +   b - +0 shield
rNeg     . . .     Faith    .   c - +0 troll leather armour {Purgy}
rPois    .         Spirit   .   (helmet restricted)
rElec    .         Reflect  .   (no cloak)
rCorr    .         Harm     .   (no gloves)
MR       .....                  (no boots)
Stlth    +.........             i - amulet of the gourmand
HPRegen  0.55/turn              (no ring)
MPRegen  0.10/turn              (no ring)

@: no status effects
A: horns 1, fire resistance 1, powered by death 1
a: no special abilities


You escaped.
You were very hungry.

You visited 1 branch of the dungeon, and saw 3 of its levels.

You collected 35 gold pieces.

Inventory:

Armour
 a - a +0 scale mail
 b - a +0 shield (worn)
 c - a +0 troll leather armour (worn) {Purgy}
Jewellery
 i - an amulet of the gourmand (around neck)
Wands
 h - a wand of acid (7)
Scrolls
 e - a scroll of fog
 f - a scroll of remove curse {unknown}
 r - a scroll of identify
Potions
 g - a potion of lignification
Comestibles
 d - 3 rations


   Skills:
 - Level 3.0 Fighting
 - Level 2.6 Armour
 - Level 2.6 Shields
 + Level 6.0 Unarmed Combat


You had 5 spell levels left.
You didn't know any spells.
Your spell library was empty.

Dungeon Overview and Level Annotations

Branches:
Dungeon (3/15)

Altars:


Innate Abilities, Weirdness & Mutations

You have a pair of small horns on your head.
Your flesh is heat resistant. (rF+)
You regenerate a little health from kills.


Message History

You punch the kobold!
You kill the kobold!
No target in view!
You feel sick.
There is a stone staircase leading up here.
You see here an adder corpse.
You climb upwards.
There is a stone staircase leading down here.
You feel sick.
You feel sick.
You are no longer poisoned.
HP restored.
You enter the shallow water.
Moving in this stuff is going to be slow.
There is a large open door here.
There is a fountain of clear blue water here.
There is a large open door here.
There is a staircase leading out of the dungeon here.
Are you sure you want to leave the Dungeon?
This will make you lose the game!
You have escaped!

##...≈≈≈≈≈≈≈≈≈≈≈≈≈≈≈≈≈≈≈≈≈≈≈....#
.....≈≈≈≈≈≈≈≈≈≈≈≈≈≈≈≈≈≈≈≈≈≈≈....#
#....≈≈≈≈≈≈≈≈≈≈≈≈≈≈≈≈≈≈≈≈≈≈≈.....
.#...≈≈≈#'#+#≈≈≈≈≈≈≈#+#'#≈≈≈.)..#
##...≈≈≈'(..##'###'##..>'≈≈≈.....
##...≈≈≈'...#.......#...'≈≈≈.....
#..).≈≈≈#'###.#####.#'#'#≈≈≈.....
.....≈≈≈≈≈'...#...#...#≈≈≈≈......
#....≈≈≈≈≈#.###.@.'.⌠.'≈≈≈..⌠....
#....≈≈≈≈≈#.###...'.⌠.'≈≈≈..⌠....
##...≈≈≈≈≈+...#...#...#≈≈≈≈....#.
##...≈≈≈#+###.#####.###+#≈≈≈...#.
##...≈≈≈'...'.......'...'≈≈≈...#.
##...≈≈≈'...##+###'##...'≈≈≈...#.
##...≈≈≈#+#'#≈≈≈≈≈≈≈#'#+#≈≈≈...#.
##...≈≈≈≈≈≈≈≈≈≈≈≈≈≈≈≈≈≈≈≈≈≈≈...#.
##...≈≈≈≈≈≈≈≈≈≈≈≈≈≈≈≈≈≈≈≈≈≈≈.....


There were no monsters in sight!

Vanquished Creatures
  Purgy (D:3)
  2 orc priests
  5 gnolls
  4 adders
  4 dart slugs
  3 leopard geckos
  2 orcs
  2 ball pythons (D:1)
  A goblin (D:3)
  11 hobgoblins
  7 jackals
  6 kobolds
  8 bats
  2 frilled lizards
  6 rats
64 creatures vanquished.

Notes
Turn   | Place    | Note
-------+----------+-------------------------------------------
     0 | D:1      | Alarkh the Demonspawn Fighter began the quest for the Orb.
     0 | D:1      | Reached XP level 1. HP: 18/18 MP: 1/1
    46 | D:1      | Reached skill level 2 in Unarmed Combat
   218 | D:1      | Gained mutation: You regenerate a little health from kills.
                  | [demonic ancestry]
   218 | D:1      | Reached XP level 2. HP: 24/24 MP: 2/2
   352 | D:1      | Reached skill level 3 in Unarmed Combat
   361 | D:1      | Reached XP level 3. HP: 25/29 MP: 3/3
   747 | D:1      | Reached skill level 4 in Unarmed Combat
   747 | D:1      | Gained mutation: You have a pair of small horns on your
                  | head. [demonic ancestry]
   747 | D:1      | Reached XP level 4. HP: 27/35 MP: 4/4
  1147 | D:3      | Noticed Purgy
  1169 | D:3      | Killed Purgy
  1169 | D:3      | Reached skill level 5 in Unarmed Combat
  1169 | D:3      | Reached XP level 5. HP: 41/41 MP: 5/5
  1370 | D:3      | Gained mutation: Your flesh is heat resistant. (rF+)
                  | [demonic ancestry]
  1370 | D:3      | Reached XP level 6. HP: 36/47 MP: 6/6
  1381 | D:2      | Reached skill level 6 in Unarmed Combat
  1445 | D:$      | Got out of the dungeon alive.

Levels and vault maps discovered:
D:1:      dpeg_arrival_castle, layout_loops_ring, corexii_leaking_fountain,
          minmay_tetromino_i2
D:2:      layout_basic
D:3:      layout_rooms, bloody_trog, uniq_purgy

Skill      XL: |  1  2  3  4  5  6 |
---------------+-------------------+-----
Unarmed Combat | 2 3 4 5 6 |  6.0
Fighting       | |  3.0
Armour         | |  2.6
Shields        | |  2.6

Action                   |  1- 3 |  4- 6 || total
-------------------------+-------+-------++-------
Melee: Unarmed           |   159 |    95 ||   254
       Headbutt          |       |    18 ||    18
  Use: Potion            |     1 |     2 ||     3
       Scroll            |       |     1 ||     1
  Eat: Chunk             |       |     1 ||     1
Armor: Scale mail        |    73 |    21 ||    94
       Skin              |     1 |       ||     1
       Troll leather arm |       |    28 ||    28
Dodge: Dodged            |    33 |    44 ||    77
Block: Shield            |    77 |    58 ||   135
